[Event "Titled Tuesday Blitz February 22 Early 2022"]
[White "Tymrakiewicz, Rafal"]
[Black "Kushagra, Mohan"]
[WhiteFideId "1108832"]
[BlackFideId "25033638"]
[WhiteElo "2205"]
[BlackElo "1886"]
[Result "1-0"]
[Round "01"]
[TimeControl "180+1"]
[Date "2022.02.22"]
[WhiteClock "0:00:20"]
[BlackClock "0:00:39"]

1. d4 Nf6 2. Bg5 c5 3. d5 Ne4 4. Bc1 d6 5. f3 Nf6 6. e4 g6 7. Nc3 Bg7 8. Bg5 O-O 9. Qd2 Qb6 10. Rb1 a6 11. g4 Nbd7 12. h4 Ne5 13. h5 Re8 14. Bh6 Bh8 15. hxg6 fxg6 16. Bg5 Nf7 17. Be3 e6 18. Bc4 Ne5 19. Be2 exd5 20. Nxd5 Nxd5 21. Qxd5+ Be6 22. Qd2 Bxa2 23. Rd1 Bf7 24. b3 Rad8 25. f4 Nc6 26. Bc4 Bxc4 27. bxc4 Qb4 28. Nf3 Rxe4 29. Kf2 Qxd2+ 30. Rxd2 Rxc4 31. Ng5 Rd7 32. Ne6 Re7 33. f5 Ne5 34. Rxd6 Nxg4+ 35. Ke2 Nxe3 36. Rd8+ Re8 37. Rxe8+ Kf7 38. Rf8+ Ke7 39. Rxh7+ Kd6 40. Rfxh8 Nxf5 41. Nd8 b5 42. Nf7+ Kd5 43. Rd8+ Ke4 44. Nd6+ Nxd6 45. Rxd6 Rxc2+ 46. Kd1 Ra2 47. Re7+ Kf5 48. Rd5+ Kf6 49. Red7 c4 50. R7d6+ Kf7 51. Rb6 Ke7 52. Rxg6 b4 53. Rh5 Kf7 54. Rc6 c3 55. Rh7+ Kg8 56. Rb7 1-0


[Site "https://www.chess.com"]

[Event "Titled Tuesday Blitz February 22 Early 2022"]
[White "Urbina Perez, Juan Antonio"]
[Black "Lazavik, Denis"]
[WhiteFideId "2217368"]
[BlackFideId "13515110"]
[WhiteElo "2192"]
[BlackElo "2436"]
[Result "0-1"]
[Round "01"]
[TimeControl "180+1"]
[Date "2022.02.22"]
[WhiteClock "0:00:01"]
[BlackClock "0:00:58"]

1. e4 c5 2. Nf3 e6 3. c3 Nf6 4. e5 Nd5 5. g3 d6 6. exd6 Bxd6 7. Bg2 O-O 8. d4 cxd4 9. Nxd4 Nc6 10. Nxc6 bxc6 11. O-O Qc7 12. c4 Nf6 13. Nc3 Rd8 14. Qe2 h6 15. Nb5 cxb5 16. Bxa8 bxc4 17. Be3 Be5 18. Rac1 Ba6 19. Bg2 Qa5 20. Rfd1 Rb8 21. Bf1 Rxb2 22. Bd2 Qc5 23. Be3 Qc6 24. Qe1 Bb7 25. Rd8+ Kh7 0-1


[Site "https://www.chess.com"]

[Event "Titled Tuesday Blitz February 22 Early 2022"]
[White "Vakhlamov, Igor L."]
[Black "Elissalt Cardenas, Hector"]
[WhiteFideId "24126748"]
[BlackFideId "3500632"]
[WhiteElo "2401"]
[BlackElo "2159"]
[Result "1-0"]
[Round "01"]
[TimeControl "180+1"]
[Date "2022.02.22"]
[WhiteClock "0:01:15"]
[BlackClock "0:00:55"]

1. e4 d6 2. d4 Nf6 3. Nc3 e5 4. Nf3 Nbd7 5. Bc4 Be7 6. O-O O-O 7. Re1 b6 8. h3 Bb7 9. a4 a6 10. b3 exd4 11. Nxd4 Nc5 12. Nf5 Re8 13. Bb2 Bf8 14. f3 g6 15. Ne3 Bg7 16. Rb1 c6 17. Qd2 b5 18. Bf1 Qe7 19. Ba1 Rad8 20. Qf2 Ne6 21. Rbd1 Nf4 22. Ne2 Nxe2+ 23. Bxe2 Nh5 24. Bxg7 Kxg7 25. Bf1 Qe5 26. Ng4 Qf4 27. axb5 axb5 28. Qd4+ Kg8 29. Qd2 Qxd2 30. Rxd2 d5 31. Red1 f5 32. exf5 Kg7 33. fxg6 hxg6 34. b4 Ng3 35. Kf2 Nf5 36. Bd3 Bc8 37. Re1 Rxe1 38. Kxe1 Nd4 39. Bxg6 Nxf3+ 40. gxf3 Kxg6 41. Ne5+ Kf6 42. Nxc6 Bxh3 43. Nxd8 1-0


[Site "https://www.chess.com"]

[Event "Titled Tuesday Blitz February 22 Early 2022"]
[White "Vidit, Santosh Gujrathi"]
[Black "Marson, Juan Miguel"]
[WhiteFideId "5029465"]
[BlackFideId "106585"]
[WhiteElo "2654"]
[BlackElo "2053"]
[Result "1-0"]
[Round "01"]
[TimeControl "180+1"]
[Date "2022.02.22"]
[WhiteClock "0:00:38"]
[BlackClock "0:00:02"]

1. e4 e5 2. Nf3 Nc6 3. Bc4 Nf6 4. d3 Be7 5. O-O O-O 6. a4 d6 7. c3 Kh8 8. Re1 Ng8 9. d4 f5 10. dxe5 fxe4 11. Rxe4 Rxf3 12. gxf3 Nxe5 13. Bxg8 Kxg8 14. Bf4 Ng6 15. Qd5+ Kh8 16. Bg3 c6 17. Qf7 d5 18. Re2 Bh3 19. Nd2 Qf8 20. Qxf8+ Bxf8 21. Rae1 Bd7 22. f4 Kg8 23. f5 Nh8 24. Nf3 Nf7 25. Nd4 Nd6 26. Re7 Bxe7 27. Rxe7 Nxf5 28. Rxd7 1-0


[Site "https://www.chess.com"]

[Event "Titled Tuesday Blitz February 22 Early 2022"]
[White "Vifleemskaia, Svetlana"]
[Black "Priasmoro, Novendra"]
[WhiteFideId "4129490"]
[BlackFideId "7105029"]
[WhiteElo "1901"]
[BlackElo "2309"]
[Result "0-1"]
[Round "01"]
[TimeControl "180+1"]
[Date "2022.02.22"]
[WhiteClock "0:00:01"]
[BlackClock "0:01:09"]

1. d4 Nf6 2. c4 g6 3. Nc3 Bg7 4. e4 d6 5. Nge2 O-O 6. Ng3 c5 7. d5 e6 8. Be2 exd5 9. cxd5 Na6 10. O-O Nc7 11. a4 a6 12. Bg5 h6 13. Bf4 Rb8 14. Qd2 Kh7 15. a5 Re8 16. Kh1 b5 17. axb6 Rxb6 18. f3 Nb5 19. Nxb5 axb5 20. Ra7 Re7 21. Rfa1 Rxa7 22. Rxa7 Nd7 23. b3 Ra6 24. Rxa6 Bxa6 25. Bxd6 c4 26. b4 Qb6 27. Bf4 c3 28. Qd3 Ne5 29. Bxe5 Bxe5 30. Nf1 Qf2 31. Ne3 Qe1+ 32. Bf1 Bf4 33. Nc2 Qf2 34. Qe2 Qh4 35. g4 Bc8 36. Nd4 h5 37. h3 hxg4 38. fxg4 Qg3 39. Qg2 Qe3 40. Qe2 Qxd4 41. Qf3 Qd2 0-1


[Site "https://www.chess.com"]

[Event "Titled Tuesday Blitz February 22 Early 2022"]
[White "Vine, Elzbieta"]
[Black "Pajeken, Jakob Leon"]
[WhiteFideId "1119320"]
[BlackFideId "12942839"]
[WhiteElo "1880"]
[BlackElo "2351"]
[Result "0-1"]
[Round "01"]
[TimeControl "180+1"]
[Date "2022.02.22"]
[WhiteClock "0:01:57"]
[BlackClock "0:02:36"]

1. e4 e5 2. Nf3 Nc6 3. Bb5 a6 4. Ba4 Nf6 5. O-O Be7 6. d4 exd4 7. e5 Ne4 8. Re1 Nc5 9. Bxc6 dxc6 10. Nxd4 O-O 11. Nc3 Ne6 12. Be3 Nxd4 13. Bxd4 Be6 14. Ne4 b6 15. c3 c5 16. Be3 Qxd1 17. Rc1 Qd7 0-1


[Site "https://www.chess.com"]

[Event "Titled Tuesday Blitz February 22 Early 2022"]
[White "Vlassov, Nikolai"]
[Black "Serikbay, Assel"]
[WhiteFideId "4103360"]
[BlackFideId "13706799"]
[WhiteElo "2407"]
[BlackElo "2130"]
[Result "1-0"]
[Round "01"]
[TimeControl "180+1"]
[Date "2022.02.22"]
[WhiteClock "0:00:38"]
[BlackClock "0:00:23"]

1. e4 c5 2. c3 Nf6 3. e5 Nd5 4. d4 cxd4 5. cxd4 Nc6 6. Nc3 e6 7. f4 Qa5 8. Qd3 Bb4 9. Bd2 Qb6 10. Nf3 d6 11. Qe4 Bxc3 12. bxc3 Qb2 13. Rb1 Qxa2 14. exd6 O-O 15. Bd3 f5 16. Qe2 Qa3 17. c4 Nc3 18. Bxc3 Qxc3+ 19. Qd2 Qa3 20. c5 b6 21. Rc1 Nb4 22. Bc4 Nd5 23. Bxd5 exd5 24. O-O Ba6 25. Rfe1 Rac8 26. d7 Rcd8 27. c6 Qd6 28. Ne5 Bb5 29. c7 Rxd7 30. c8=Q 1-0


[Site "https://www.chess.com"]

[Event "Titled Tuesday Blitz February 22 Early 2022"]
[White "Voege, Tobias"]
[Black "Barus, Cerdas"]
[WhiteFideId "1270513"]
[BlackFideId "7100094"]
[WhiteElo "2335"]
[BlackElo "2148"]
[Result "1-0"]
[Round "01"]
[TimeControl "180+1"]
[Date "2022.02.22"]
[WhiteClock "0:00:28"]
[BlackClock "0:00:02"]

1. d4 Nf6 2. Nf3 e6 3. c4 b6 4. Nc3 Bb4 5. Bg5 Bb7 6. e3 Bxc3+ 7. bxc3 d6 8. Bd3 Nc6 9. Qc2 h6 10. Bh4 Qe7 11. O-O Na5 12. e4 e5 13. c5 O-O 14. cxd6 cxd6 15. Rac1 Rac8 16. Qe2 Rfe8 17. Rfe1 Qe6 18. d5 Qe7 19. Bb5 Red8 20. Bg3 Rc5 21. Nh4 Bc8 22. Ba6 Bd7 23. f4 exf4 24. Bxf4 g5 25. Bg3 gxh4 26. Bxh4 Qe5 27. Rf1 Qxe4 28. Qxe4 Nxe4 29. Bxd8 Nxc3 30. Be7 b5 31. Kh1 Nxd5 32. Rxc5 dxc5 33. Bxc5 Nc7 34. Rf6 Be6 35. Bd4 1-0


[Site "https://www.chess.com"]

[Event "Titled Tuesday Blitz February 22 Early 2022"]
[White "Von Buelow, Georg"]
[Black "Budrewicz, Krzysztof"]
[WhiteFideId "4620658"]
[BlackFideId "1127950"]
[WhiteElo "2179"]
[BlackElo "2248"]
[Result "0-1"]
[Round "01"]
[TimeControl "180+1"]
[Date "2022.02.22"]
[WhiteClock "0:00:11"]
[BlackClock "0:00:20"]

1. e4 c5 2. Nf3 e6 3. d4 cxd4 4. Nxd4 Nc6 5. Nc3 Qc7 6. Be3 Nf6 7. Qd2 a6 8. O-O-O Bb4 9. f3 d5 10. a3 Bxc3 11. Qxc3 dxe4 12. Nxc6 Qxc6 13. Qe5 O-O 14. Bg5 Nd7 15. Qxe4 Qxe4 16. fxe4 f6 17. Be3 Ne5 18. Be2 Nc6 19. Bc5 Re8 20. Bh5 g6 21. Be2 e5 22. Bc4+ Kg7 23. Rd6 Rd8 24. Rhd1 Rxd6 25. Rxd6 h5 26. Bd5 Ne7 27. Bb3 Bg4 28. h3 Bc8 29. Rd8 Nc6 30. Rg8+ Kh7 31. Rf8 f5 32. h4 fxe4 33. Rf7+ Kh8 34. Bf8 Nd4 35. Bg7+ Kg8 36. Bd5 Be6 37. Bxe5 Bxf7 38. Bxf7+ Kxf7 39. Bxd4 Rd8 40. c3 Ke6 41. Kd2 Kf5 42. Ke3 b5 0-1


[Site "https://www.chess.com"]

[Event "Titled Tuesday Blitz February 22 Early 2022"]
[White "Vovk, Orest"]
[Black "Mirzanurov, Bulat"]
[WhiteFideId "14113490"]
[BlackFideId "4184521"]
[WhiteElo "2203"]
[BlackElo "2116"]
[Result "1-0"]
[Round "01"]
[TimeControl "180+1"]
[Date "2022.02.22"]
[WhiteClock "0:00:27"]
[BlackClock "0:00:02"]

1. g4 d5 2. h3 c6 3. Bg2 e5 4. d4 e4 5. c4 h6 6. Nc3 Nf6 7. Qb3 Bd6 8. g5 hxg5 9. Bxg5 Be6 10. c5 Be7 11. Qxb7 Nbd7 12. Qxc6 Rb8 13. b3 Qa5 14. Bd2 Qb4 15. e3 Qa3 16. Qa4 Qxa4 17. Nxa4 O-O 18. Ne2 Rfc8 19. Nf4 g5 20. Nxe6 fxe6 21. h4 gxh4 22. Bh3 Kf7 23. Ke2 Rc6 24. Rag1 e5 25. Bf5 exd4 26. exd4 Rg8 27. Rxg8 Kxg8 28. Rxh4 Bxc5 29. dxc5 Nxc5 30. Nxc5 Rxc5 31. Be6+ Kg7 32. Bh6+ Kg6 33. Be3 Rc2+ 34. Kd1 Rxa2 35. Rh6+ Kg7 36. Bf5 d4 37. Rg6+ Kf7 38. Bxd4 Nd5 39. Rg7+ Ke8 40. Bxe4 Nb4 41. Rxa7 Ra1+ 42. Rxa1 Nd3 1-0


[Site "https://www.chess.com"]

[Event "Titled Tuesday Blitz February 22 Early 2022"]
[White "Wagner, Dennis"]
[Black "Richter, Nils"]
[WhiteFideId "24650684"]
[BlackFideId "12990809"]
[WhiteElo "2355"]
[BlackElo "2289"]
[Result "1-0"]
[Round "01"]
[TimeControl "180+1"]
[Date "2022.02.22"]
[WhiteClock "0:00:53"]
[BlackClock "0:01:04"]

1. Nf3 Nf6 2. c4 g6 3. b3 Bg7 4. Bb2 O-O 5. g3 d6 6. d4 c5 7. Nc3 cxd4 8. Nxd4 Nc6 9. Bg2 Nxd4 10. Qxd4 a6 11. O-O Rb8 12. Qd3 Bf5 13. e4 Bd7 14. a4 b5 15. cxb5 axb5 16. Nxb5 Bxb5 17. axb5 Qb6 18. e5 dxe5 19. Bc6 e4 20. Qd4 Ne8 21. Qxb6 Rxb6 22. Bxg7 Kxg7 23. Ra6 Rb8 24. b6 Nd6 25. b4 Nc4 26. b7 Nd6 27. Ra7 Kf6 28. Rfa1 Ke5 29. Ra8 Kd4 30. Rxb8 Rxb8 31. Ra8 Rxb7 32. Bxb7 Nxb7 33. Re8 e5 34. Re7 Nd6 35. Rc7 h5 36. h4 Kd5 37. Kf1 f5 38. Rg7 Kc4 39. Rxg6 Nb5 40. Rg5 f4 41. Rxe5 fxg3 42. fxg3 Kxb4 43. Rxe4+ Kc3 44. Re5 Nd4 45. Rxh5 Kd3 46. Rd5 Ke4 47. Rxd4+ Kxd4 48. Kf2 Ke5 49. Kf3 1-0


[Site "https://www.chess.com"]

[Event "Titled Tuesday Blitz February 22 Early 2022"]
[White "Warchol, Kamil"]
[Black "Talibov, Shiroghlan"]
[WhiteFideId "21858241"]
[BlackFideId "13429078"]
[WhiteElo "1905"]
[BlackElo "2070"]
[Result "0-1"]
[Round "01"]
[TimeControl "180+1"]
[Date "2022.02.22"]
[WhiteClock "0:00:31"]
[BlackClock "0:00:19"]

1. e4 g6 2. d4 Bg7 3. Nc3 c6 4. Be3 d5 5. e5 f6 6. f4 Nh6 7. Nf3 O-O 8. Qd2 Bg4 9. Be2 Nf5 10. Bf2 Bxf3 11. Bxf3 fxe5 12. fxe5 e6 13. h4 h5 14. g4 Nh6 15. Qe2 Rxf3 16. Qxf3 Nxg4 17. O-O-O c5 18. dxc5 Nc6 19. Qe2 Qf8 20. Bg3 Qxc5 21. Kb1 a6 22. a3 b5 23. Na2 Rc8 24. c3 a5 25. Qc2 Kh7 26. Rc1 Qc4 27. Rhe1 Bh6 28. Rcd1 Rf8 29. Re2 Rf3 30. Bf2 b4 31. axb4 axb4 32. b3 Qf4 33. Bg1 bxc3 34. Qxc3 Rxc3 35. Nxc3 Qf3 36. Rb2 Qxc3 0-1


[Site "https://www.chess.com"]

[Event "Titled Tuesday Blitz February 22 Early 2022"]
[White "Weishaeutel, Moritz"]
[Black "Wartiovaara, Oliver"]
[WhiteFideId "12967300"]
[BlackFideId "513024"]
[WhiteElo "2002"]
[BlackElo "1971"]
[Result "0-1"]
[Round "01"]
[TimeControl "180+1"]
[Date "2022.02.22"]
[WhiteClock "0:00:01"]
[BlackClock "0:00:04"]

1. e4 c5 2. Nf3 d6 3. Bb5+ Nd7 4. d4 cxd4 5. Qxd4 a6 6. Bxd7+ Bxd7 7. Nc3 e5 8. Qd3 Be7 9. Nd5 Nf6 10. Nxe7 Kxe7 11. Bg5 Be6 12. O-O-O Rc8 13. Qa3 Qc7 14. Rd2 Qc5 15. Qxc5 Rxc5 16. Rhd1 Rc6 17. b3 b5 18. Kb2 h6 19. Bxf6+ gxf6 20. Nh4 Rg8 21. f3 h5 22. h3 Rg3 23. Rf1 b4 24. f4 Re3 25. Nf5+ Bxf5 26. exf5 h4 27. fxe5 fxe5 28. f6+ Ke6 29. Rdf2 d5 30. Kc1 Rec3 31. Kd1 d4 32. Rd2 Kd5 33. Rf5 Re6 34. Rh5 Rxf6 35. Rxh4 Re3 36. Re2 Rf1+ 37. Kd2 Rxe2+ 38. Kxe2 Ra1 39. Rh7 Rxa2 40. Kd2 f5 41. Rd7+ Ke4 42. Rd8 Ra1 43. Rd6 a5 44. Ra6 Ra2 45. h4 d3 46. h5 Rxc2+ 47. Kd1 Rxg2 48. h6 Ke3 49. Kc1 d2+ 50. Kc2 Rg1 51. Rd6 Rc1+ 52. Kb2 d1=Q 53. h7 Qc2# 0-1


[Site "https://www.chess.com"]

[Event "Titled Tuesday Blitz February 22 Early 2022"]
[White "Winkels, Marcel"]
[Black "Vusatiuk, Vladimir"]
[WhiteFideId "1003887"]
[BlackFideId "14118610"]
[WhiteElo "1900"]
[BlackElo "2157"]
[Result "0-1"]
[Round "01"]
[TimeControl "180+1"]
[Date "2022.02.22"]
[WhiteClock "0:00:40"]
[BlackClock "0:00:30"]

1. e4 c5 2. Nf3 d6 3. g3 Nf6 4. d3 g6 5. Bg2 Bg7 6. O-O O-O 7. c3 Nc6 8. Be3 e5 9. Qc1 Bd7 10. Bh6 b5 11. Bxg7 Kxg7 12. Na3 Rb8 13. Nc2 a5 14. a3 b4 15. axb4 axb4 16. Rd1 Qb6 17. h4 h6 18. h5 bxc3 19. bxc3 c4 20. hxg6 fxg6 21. d4 Bg4 22. d5 Na5 23. Rb1 Nb3 24. Qe3 Qxe3 25. Nxe3 Nxe4 26. Nxe5 Bxd1 27. Nd7 Nxc3 28. Nxf8 Kxf8 29. Rxd1 Nxd1 30. Nxd1 Nd4 31. Nc3 Rb3 32. Ne4 c3 0-1


[Site "https://www.chess.com"]

[Event "Titled Tuesday Blitz February 22 Early 2022"]
[White "Xie, Bryan"]
[Black "Kozak, Antoni"]
[WhiteFideId "30941296"]
[BlackFideId "21832030"]
[WhiteElo "1899"]
[BlackElo "2232"]
[Result "0-1"]
[Round "01"]
[TimeControl "180+1"]
[Date "2022.02.22"]
[WhiteClock "0:00:02"]
[BlackClock "0:00:48"]

1. d4 Nf6 2. Nf3 e6 3. Bf4 d5 4. e3 Bd6 5. Bg3 c5 6. Nbd2 Qc7 7. c3 Nbd7 8. Bd3 O-O 9. Qe2 e5 10. dxe5 Nxe5 11. Nxe5 Bxe5 12. Nf3 Bd6 13. O-O-O Rb8 14. e4 Bf4+ 15. Kb1 dxe4 16. Bxe4 Re8 17. Bxh7+ Kxh7 18. Qc4 Re4 19. Qd3 c4 20. Qc2 Kg8 21. Ng5 Bf5 22. Ka1 Bxg3 23. hxg3 Re5 24. Qc1 b5 25. Qf4 Bg4 26. f3 Bh5 27. g4 Bg6 28. Qh2 Kf8 29. f4 Rxg5 30. fxg5 Qxh2 31. Rxh2 Ng8 32. g3 Bd3 33. Rf2 a5 34. a3 b4 35. cxb4 axb4 36. Rf4 b3 37. Rd4 Ne7 38. Rf4 Nd5 39. Rd4 Nb4 40. axb4 Ra8# 0-1


[Site "https://www.chess.com"]

[Event "Titled Tuesday Blitz February 22 Early 2022"]
[White "Yang, Kaiqi"]
[Black "Zaksaite, Salomeja"]
[WhiteFideId "8604398"]
[BlackFideId "12801496"]
[WhiteElo "2373"]
[BlackElo "2002"]
[Result "1-0"]
[Round "01"]
[TimeControl "180+1"]
[Date "2022.02.22"]
[WhiteClock "0:00:06"]
[BlackClock "0:00:01"]

1. c4 Nf6 2. Nc3 d5 3. cxd5 Nxd5 4. Nf3 g6 5. h4 h5 6. e4 Nxc3 7. bxc3 Bg7 8. d4 c5 9. Be2 cxd4 10. cxd4 O-O 11. Rb1 b6 12. O-O Bb7 13. Qd3 Ba6 14. Qe3 Qd7 15. Bxa6 Nxa6 16. e5 Nc7 17. Qe4 Qd5 18. Qe2 Ne6 19. Be3 Rfc8 20. Rb5 Qc4 21. Qb2 Nc7 22. Rb4 Qe6 23. Ng5 Qd7 24. Rc4 e6 25. Ne4 Nd5 26. Rxc8+ Rxc8 27. Rc1 Rxc1+ 28. Qxc1 Qc7 29. Qb1 Qc6 30. Bg5 a6 31. Nf6+ Nxf6 32. exf6 Bf8 33. Qd3 b5 34. f3 Qc4 35. Qxc4 bxc4 36. Kf1 Bb4 37. Ke2 Bc3 38. Be3 Kf8 39. Kd1 Ke8 40. Kc2 Be1 41. Bd2 Bxh4 42. Kc3 Bxf6 43. Kxc4 Kd7 44. d5 exd5+ 45. Kxd5 Bb2 46. a4 h4 47. Bg5 h3 48. gxh3 Bc3 49. Be3 Bb2 50. Bc5 Bc3 51. Be3 Bb2 52. Bf4 Ba1 53. Kc5 Bb2 54. Kb6 Bd4+ 55. Kxa6 Kc6 56. a5 f5 57. Bg5 Bf2 58. Bd8 Be3 59. Bb6 Bg5 60. Ka7 Bd2 61. Kb8 1-0


[Site "https://www.chess.com"]

[Event "Titled Tuesday Blitz February 22 Early 2022"]
[White "Yilmaz, Mustafa"]
[Black "Glavina, Pablo"]
[WhiteFideId "6302718"]
[BlackFideId "100234"]
[WhiteElo "2568"]
[BlackElo "2369"]
[Result "1-0"]
[Round "01"]
[TimeControl "180+1"]
[Date "2022.02.22"]
[WhiteClock "0:01:22"]
[BlackClock "0:00:05"]

1. d4 Nf6 2. c4 e6 3. Nc3 Bb4 4. e3 d5 5. Qa4+ Nc6 6. Nf3 O-O 7. Qc2 dxc4 8. Bxc4 Ne7 9. a3 Bxc3+ 10. bxc3 c5 11. a4 Bd7 12. O-O Bc6 13. Ne5 Be4 14. Qe2 Ng6 15. Nxg6 hxg6 16. Ba3 b6 17. dxc5 bxc5 18. Bxc5 Re8 19. Bb5 Bxg2 20. Rfd1 Qc7 21. Bxe8 Rxe8 22. Kxg2 Qxc5 23. Qb5 Qxc3 24. Rac1 Qa3 25. Rc7 Re7 26. Rd8+ Kh7 27. Rcc8 Nd5 28. Qxd5 exd5 29. Rh8# 1-0


[Site "https://www.chess.com"]

[Event "Titled Tuesday Blitz February 22 Early 2022"]
[White "Yushko, Olga"]
[Black "Hua, Lefong"]
[WhiteFideId "14114500"]
[BlackFideId "2602253"]
[WhiteElo "2028"]
[BlackElo "2565"]
[Result "0-1"]
[Round "01"]
[TimeControl "180+1"]
[Date "2022.02.22"]
[WhiteClock "0:00:29"]
[BlackClock "0:00:38"]

1. d4 Nf6 2. c4 c5 3. d5 e6 4. Nc3 exd5 5. cxd5 d6 6. e4 g6 7. Nf3 Bg7 8. Bd3 a6 9. a4 Bg4 10. h3 Bxf3 11. Qxf3 O-O 12. O-O Nbd7 13. Bf4 Qe7 14. Qg3 Ne8 15. Rfe1 Ne5 16. Bc2 Rb8 17. a5 Nc7 18. Bg5 f6 19. Bd2 Nb5 20. f4 Nc4 21. Bc1 Nd4 22. Bd3 b5 23. axb6 Nxb6 24. Rxa6 c4 25. Bf1 Qb7 26. Ra3 Nb3 27. Kh1 Nxc1 28. Rxc1 Rfc8 29. Nb5 Qd7 30. Na7 Re8 31. Nc6 Rbc8 32. Bxc4 Rxe4 33. Bd3 Ree8 34. Ra7 Rc7 35. Rxc7 Qxc7 36. Qf3 Qf7 37. Bc4 f5 38. b3 Nd7 39. Bb5 Ra8 40. Qd3 Nc5 41. Qc4 Ne4 42. Nd4 Bxd4 43. Qxd4 Qg7 44. Qxg7+ Kxg7 45. Rc7+ Kh6 46. Rc1 Ra2 47. Bc6 Rb2 48. Ba4 Kh5 49. Kg1 Kh4 50. Kf1 Kg3 51. Rd1 Rf2+ 52. Ke1 Rxg2 53. Rd3+ Kxf4 54. b4 Rb2 55. Rb3 Ra2 56. Bc6 Ke5 57. b5 Nc5 58. b6 Ra1+ 59. Kf2 Ra2+ 60. Kf3 Nxb3 61. b7 Nd4+ 62. Ke3 Rb2 0-1


[Site "https://www.chess.com"]

[Event "Titled Tuesday Blitz February 22 Early 2022"]
[White "Zanette, Edgard Vinicius"]
[Black "Jakubowski, Krzysztof"]
[WhiteFideId "2109263"]
[BlackFideId "1112848"]
[WhiteElo "2182"]
[BlackElo "2365"]
[Result "0-1"]
[Round "01"]
[TimeControl "180+1"]
[Date "2022.02.22"]
[WhiteClock "0:00:08"]
[BlackClock "0:00:05"]

1. e4 c5 2. Nf3 e6 3. c3 Nf6 4. e5 Nd5 5. d4 cxd4 6. cxd4 b6 7. Bc4 Bb7 8. Nc3 Nxc3 9. bxc3 Qc7 10. Qd3 Nc6 11. Bd2 Rc8 12. Bb3 Na5 13. Bc2 Nc4 14. Bc1 Ba3 15. O-O Nb2 16. Qe2 Qxc3 17. Be4 Bxe4 18. Qxe4 h6 19. h3 O-O 20. Qg4 Kh8 21. Qh4 Kh7 22. Ng5+ Kg8 23. Nf3 Qd3 24. Bxh6 gxh6 25. Qxh6 Nc4 26. Rad1 Qg6 27. Qh4 Kg7 28. Rd3 Rh8 29. Qf4 Be7 30. Rc1 b5 31. Rdc3 Kf8 32. a4 a6 33. axb5 axb5 34. Rb3 Rg8 35. g4 Rh8 36. Kg2 b4 37. Rc2 Nb6 38. Rxc8+ Nxc8 39. Rb2 Kg7 40. d5 exd5 41. Nd4 Kf8 42. Nf5 Qc6 43. Rc2 Qxc2 44. e6 Qe4+ 45. Qxe4 dxe4 46. exd7 Nb6 47. Nd4 Nxd7 48. Nc6 0-1


[Site "https://www.chess.com"]

[Event "Titled Tuesday Blitz February 22 Early 2022"]
[White "Zavgorodniy, Sergiy"]
[Black "Grischuk, Alexander"]
[WhiteFideId "14110148"]
[BlackFideId "4126025"]
[WhiteElo "2420"]
[BlackElo "2762"]
[Result "0-1"]
[Round "01"]
[TimeControl "180+1"]
[Date "2022.02.22"]
[WhiteClock "0:00:02"]
[BlackClock "0:00:28"]

1. e4 d5 2. exd5 Qxd5 3. Nc3 Qa5 4. g3 Nf6 5. Bg2 c6 6. Nge2 e5 7. O-O Be7 8. d3 O-O 9. h3 Rd8 10. Bd2 Qc7 11. Rb1 Na6 12. a3 Nc5 13. b4 Ne6 14. Qc1 b6 15. Re1 Bb7 16. Bg5 Nxg5 17. Qxg5 h6 18. Qe3 Nd5 19. Nxd5 cxd5 20. c4 Bg5 21. Qf3 e4 22. dxe4 dxe4 23. Qb3 Rd3 24. Qc2 Rd2 25. Qb3 Rad8 26. h4 R2d3 27. Qa4 Bd2 28. Rf1 Bc6 29. Qc2 e3 30. Rb3 Ba4 31. Qxd3 Rxd3 32. Rxd3 Qxc4 33. Rd8+ Kh7 34. Nf4 exf2+ 35. Rxf2 Be3 36. Bf3 Bc6 0-1


[Site "https://www.chess.com"]

[Event "Titled Tuesday Blitz February 22 Early 2022"]
[White "Zheenbekov, Nurgazy"]
[Black "Krsnik Cohar, Ivan Vihor"]
[WhiteFideId "13800485"]
[BlackFideId "14520044"]
[WhiteElo "1959"]
[BlackElo "2414"]
[Result "0-1"]
[Round "01"]
[TimeControl "180+1"]
[Date "2022.02.22"]
[WhiteClock "0:00:15"]
[BlackClock "0:01:34"]

1. e4 d5 2. exd5 Qxd5 3. Nc3 Qe5+ 4. Be2 c6 5. Nf3 Qc7 6. O-O Bf5 7. d4 e6 8. Ne5 Nd7 9. Bf4 Bd6 10. Re1 Nxe5 11. dxe5 Bxe5 12. Bxe5 Qxe5 13. Bd3 Qa5 14. b4 Qxb4 15. Bxf5 Qxc3 16. Rb1 Rd8 17. Qc1 Ne7 18. Bd3 Rd7 19. Rb3 Qf6 20. Qb1 b6 21. c4 g6 22. c5 O-O 23. cxb6 axb6 24. Rxb6 Nd5 25. Rxc6 Nf4 26. Bf1 Rd2 27. Qb6 Rxa2 28. g3 Nd5 29. Qc5 Rb8 30. Bg2 Nb4 31. Rc8+ Rxc8 32. Qxc8+ Kg7 33. Rf1 Qd4 34. Qc1 Rxf2 35. Rxf2 Qxf2+ 36. Kxf2 Nd3+ 37. Ke3 Nxc1 38. h4 Nb3 39. Bf3 f5 40. Bd1 Nc5 41. Kd4 Ne4 42. g4 Nf2 0-1


[Site "https://www.chess.com"]

[Event "Titled Tuesday Blitz February 22 Early 2022"]
[White "Zhigalko, Sergei"]
[Black "Liang, Justin"]
[WhiteFideId "13502956"]
[BlackFideId "2099942"]
[WhiteElo "2662"]
[BlackElo "2467"]
[Result "1-0"]
[Round "01"]
[TimeControl "180+1"]
[Date "2022.02.22"]
[WhiteClock "0:00:05"]
[BlackClock "0:00:06"]

1. e4 c5 2. Nf3 e6 3. c3 Nf6 4. e5 Nd5 5. Bc4 Nb6 6. Bb3 d6 7. exd6 Bxd6 8. d4 Nc6 9. O-O cxd4 10. cxd4 O-O 11. Nc3 Ne7 12. Re1 Bd7 13. Ne5 Ng6 14. Qh5 Bxe5 15. dxe5 Bc6 16. Bg5 Qc7 17. Re3 Rfe8 18. Rh3 Nf8 19. Re1 Nbd7 20. Bc2 f5 21. exf6 Nxf6 22. Bxf6 gxf6 23. Ree3 Re7 24. Qh6 Rg7 25. Rhg3 f5 26. Ne2 Be8 27. Rc3 Qe7 28. h4 Rg6 29. h5 Rxg3 30. Rxg3+ Kh8 31. Nd4 Qf7 32. Bb3 Bd7 33. Qg5 Rc8 34. Nf3 Rc5 35. Kh2 f4 36. Qxc5 fxg3+ 37. fxg3 h6 38. Qd4+ Kg8 39. g4 Qg7 40. Qe4 Bc6 41. Bxe6+ Kh8 42. Qf5 Qc7+ 43. Kh3 Nxe6 44. Qxe6 Qg7 45. Qf5 Bd7 46. Qf4 Bc8 47. b3 Kh7 48. Kg3 Kg8 49. Qe4 Bd7 50. Ne5 Be8 51. Qd5+ Kh7 52. Qe4+ Kg8 53. Qf4 Kh7 54. Kf3 Kg8 55. Qe4 Qf6+ 56. Qf5 Bc6+ 57. Kf4 Qg7 58. Qg6 Qxg6 59. Nxg6 Kg7 60. g3 Be8 61. g5 hxg5+ 62. Kxg5 Bxg6 63. hxg6 b6 64. Kf5 a5 65. a4 b5 66. axb5 Kf8 67. Ke5 Kg7 68. b6 1-0


[Site "https://www.chess.com"]

[Event "Titled Tuesday Blitz February 22 Early 2022"]
[White "Zhu, Jiner"]
[Black "Ishbaev, Alibek"]
[WhiteFideId "8608059"]
[BlackFideId "14205017"]
[WhiteElo "2281"]
[BlackElo "2371"]
[Result "1-0"]
[Round "01"]
[TimeControl "180+1"]
[Date "2022.02.22"]
[WhiteClock "0:01:17"]
[BlackClock "0:01:24"]

1. e4 e5 2. Nf3 Nc6 3. Bb5 Bc5 4. O-O Nge7 5. c3 Bb6 6. d4 exd4 7. cxd4 d5 8. exd5 Nxd5 9. Re1+ Be6 10. Bxc6+ bxc6 11. Nc3 O-O 12. h3 c5 13. Na4 cxd4 14. Nxd4 Bxd4 15. Qxd4 Nb6 16. Qf4 Nxa4 17. Qxa4 Bd5 18. Bf4 c6 19. Rad1 Re8 20. b3 h6 21. Qd4 Qb6 22. Qc3 a5 23. Be5 f6 24. Bd4 Qb4 25. Rxe8+ Rxe8 26. Qxb4 axb4 27. Rd2 Kf7 28. Bc5 Re1+ 29. Kh2 Re4 30. f3 Rf4 31. Bd6 Rh4 32. g3 Rh5 33. g4 Rh4 34. Bg3 g5 35. Bxh4 gxh4 36. f4 Ke6 37. Kg1 f5 38. gxf5+ Kxf5 39. Rd4 Be4 40. Rxb4 Kxf4 41. a4 Ke3 42. Rxe4+ Kxe4 43. a5 1-0


[Site "https://www.chess.com"]